 Dungeon Crawl Stone Soup version 0.19-a0 (webtiles) character file.

2737 Foomius the Scholar of Death (level 9, -1/69 HPs)
             Began as a Demonspawn Necromancer on Apr 26, 2016.
             Was a Follower of Kikubaaqudgha.
             Slain by a wolf (9 damage)
             ... led by Grum
             ... on level 8 of the Dungeon on Apr 27, 2016.
             The game lasted 02:00:08 (6711 turns).

Foomius the Scholar of Death (DsNe)                 Turns: 6711, Time: 02:00:13

Health: -1/69      AC:  8    Str: 12    XL:     9   Next: 40%
Magic:  0/17       EV: 19    Int: 22    God:    Kikubaaqudgha [*.....]
Gold:   364        SH:  0    Dex: 19    Spells: 7 memorised, 1 level left

rFire  . . .     SeeInvis .     G - +2 dagger (pain)
rCold  . . .     Gourm    +     m - +0 troll leather armour
rNeg   . . .     Faith    .     (no shield)
rPois  .         Spirit   .     (no helmet)
rElec  .         Dismiss  .     i - +0 cloak
rCorr  .         Reflect  .     (no gloves)
SustAt .         Harm     .     (no boots)
MR     .....                    r - amulet of the gourmand
Stlth  +++.......               k - +4 ring of intelligence
                                j - +2 ring of strength

@: agile, not resistant to hostile enchantments, fairly stealthy
A: hooves 1, icy blue scales 2, powered by pain 3
a: Receive Corpses, Renounce Religion


You were on level 8 of the Dungeon.
You worshipped Kikubaaqudgha.
Kikubaaqudgha was aware of your devotion.
You were completely stuffed.

You visited 2 branches of the dungeon, and saw 9 of its levels.

You collected 364 gold pieces.

Inventory:

Hand Weapons
 o - a +0 quarterstaff
 G - a +2 dagger of pain (weapon)
Missiles
 f - 11 tomahawks (quivered)
Armour
 i - a +0 cloak (worn)
 m - a +0 troll leather armour (worn)
Rods
 H - a +0 rod of inaccuracy (3/14)
   (You found it on level 8 of the Dungeon)
Jewellery
 j - a +2 ring of strength (left hand)
 k - a +4 ring of intelligence (right hand)
 r - an amulet of the gourmand (around neck)
Wands
 A - a wand of lightning (12/15)
 B - a wand of iceblast (7/15)
 C - a wand of acid (9/15)
Scrolls
 a - a scroll of enchant armour {unknown}
 g - a scroll of amnesia {unknown}
 l - a scroll of enchant weapon {unknown}
 p - 4 scrolls of immolation
 u - 2 scrolls of remove curse
 v - a scroll of recharging
 y - a scroll of teleportation {unknown}
 I - a scroll of magic mapping {unknown}
Potions
 e - a potion of curing
 n - a potion of mutation {unknown}
 q - a potion of might
 t - a potion of cancellation
 w - 2 potions of flight
 x - a potion of cure mutation
 z - 4 potions of brilliance
 E - a potion of magic {unknown}
Books
 b - a book of Necromancy

   Spells                             Type                      Level
   a - Pain                           Necromancy                   1
   b - Animate Skeleton               Necromancy                   1
   c - Vampiric Draining              Necromancy                   3
   d - Regeneration                   Charms/Necromancy            3
   e - Animate Dead                   Necromancy                   4
   f - Control Undead                 Necromancy                   4
 D - Kikubaaqudgha's Incunabulum of Darkness
   (Kikubaaqudgha gifted it to you on level 7 of the Dungeon)

   Spells                             Type                      Level
   a - Pain                           Necromancy                   1
   b - Corpse Rot                     Necromancy                   2
   c - Sublimation of Blood           Necromancy                   2
   d - Regeneration                   Charms/Necromancy            3
   e - Control Undead                 Necromancy                   4
Comestibles
 c - 8 bread rations
 d - 4 fruits
 h - 2 meat rations
 s - 2 beef jerkies
 F - 6 chunks of flesh


   Skills:
 - Level 6.2 Fighting
 + Level 1.0 Short Blades
 - Level 5.0 Dodging
 + Level 3.1 Stealth
 - Level 5.5 Spellcasting
 - Level 2.1 Charms
 + Level 9.0 Necromancy


You had one spell level left.
You knew the following spells:

 Your Spells              Type           Power        Failure   Level  Hunger
a - Pain                  Necr           ####         1%          1    None
b - Animate Skeleton      Necr           N/A          1%          1    None
c - Control Undead        Necr           #####.....   3%          4    ####...
d - Animate Dead          Necr           N/A          3%          4    ####...
g - Regeneration          Chrm/Necr      ####......   4%          3    ##.....
s - Sublimation of Blood  Necr           #####.....   1%          2    None
v - Vampiric Draining     Necr           #####.....   1%          3    ##.....


Dungeon Overview and Level Annotations

Branches:
Dungeon (8/15)             Temple (1/1) D:6
   Lair: D:8-11

Altars:
Ashenzari
Cheibriados
Dithmenos
Elyvilon
Fedhas
Gozag
Kikubaaqudgha
Makhleb
Nemelex Xobeh
Okawaru
Pakellas
Qazlal
Ru
Sif Muna
Trog
Vehumet
Xom
Yredelemnul
Zin
The Shining One

Shops:
D:4 (   D:6 (

Annotations:
D:6 bollicks1999's ghost, novice OpAs
D:8 Grum


Innate Abilities, Weirdness & Mutations

You have large cloven feet.
You are mostly covered in icy blue scales (AC +3, EV -1).
You are powered by pain.


Message History

Okay, then.
Drink which item? (? for menu, Esc to quit)
You feel better. The wolf completely misses you. The wolf closely misses you.
Your orc zombie hits Grum with a dagger.
Grum points his finger at your orc zombie and snarls, "Attack!"
Grum barely misses your orc zombie. The wolf barely misses you.
Your worker ant zombie bites the wolf.
Casting: Vampiric Draining
Confirm with . or Enter, or press ? or * to list all spells.
Aiming: Vampiric Draining
Press: ? - help, Shift-Dir - straight line, f - wolf, p - Grum
Aim: a wolf (lightly wounded)
The wolf is heavily wounded.
You feel life coursing into your body. The wolf bites you!
* * * LOW HITPOINT WARNING * * *
You focus on the pain.
You feel agile all of a sudden. The wolf completely misses you.
The wolf bites you!
You die...
Kikubaaqudgha rasps: "You have failed me!
Welcome... death!"

...............
................
...<#..........
.#####....##...#..
.....##.).#.......
..............##.#..
...z.....#...##.#.#
...##...)ZZ...##.#.# #
........gh@.#....#.## #.#
......##.h..........#.#.#.
...## ###(...<)....#....
.. #.(..((.......#
#.#....)......#
#.##.......#..#
#.##.......# .
#.#...........#
....#..........=.


You could see Grum, 2 wolves, a wight, a friendly worker ant zombie and a
friendly orc zombie.

Vanquished Creatures
  A spriggan (D:7)
  A hippogriff (D:7)
  2 ice beasts
  A sky beast (D:7)
  2 orc warriors (D:7)
  3 phantoms
  3 centaurs
  An ogre (D:5)
  A wolf (D:8)
  A big kobold (D:7)
  A giant frog (D:6)
  A scorpion (D:8)
  A howler monkey (D:6)
  A wight (D:8)
  A crimson imp (D:5)
  2 hounds
  2 orc priests (D:4)
  2 giant frog skeletons
  3 iguanas
  8 orc wizards
  A centaur skeleton (D:5)
  Ijyb (D:2)
  7 worker ants
  A hound zombie (D:5)
  A howler monkey skeleton (D:7)
  3 adders
  A shadow imp (D:8)
  2 oozes
  An adder skeleton (D:7)
  A worm (D:4)
  2 dart slugs
  2 giant geckos
  14 orcs
  A ball python (D:1)
  8 giant cockroaches
  9 goblins
  3 hobgoblins (D:2)
  8 jackals
  8 kobolds
  4 quokkas
  11 bats
  3 giant newts
  A quokka zombie (D:5)
  11 rats
142 creatures vanquished.

Vanquished Creatures (collateral kills)
  Prince Ribbit (D:8)
  A wight (D:8)
  A crimson imp (D:7)
  An orc wizard (D:7)
  A howler monkey zombie (D:8)
  An adder (D:6)
  A shadow imp (D:7)
  3 orcs
  A jackal (D:7)
  A giant newt (D:7)
  A quokka skeleton (D:4)
13 creatures vanquished.

Vanquished Creatures (others)
  An orc wizard (D:5)
1 creature vanquished.

Grand Total: 156 creatures vanquished

Notes
Turn   | Place    | Note
--------------------------------------------------------------
     0 | D:1      | Foomius the Demonspawn Necromancer began the quest for the Orb.
     0 | D:1      | Reached XP level 1. HP: 13/13 MP: 3/3
   416 | D:1      | Gained mutation: You have large cloven feet. [demonic ancestry]
   416 | D:1      | Reached XP level 2. HP: 15/19 MP: 1/5
  1148 | D:2      | Reached XP level 3. HP: 24/25 MP: 3/6
  1153 | D:2      | Learned a level 3 spell: Regeneration
  1157 | D:2      | Learned a level 3 spell: Vampiric Draining
  1227 | D:2      | Noticed Ijyb
  1268 | D:2      | Killed Ijyb
  1268 | D:2      | Reached skill level 1 in Fighting
  1268 | D:2      | Reached skill level 5 in Necromancy
  1375 | D:2      | Gained mutation: You are partially covered in icy blue scales (AC +1). [demonic ancestry]
  1375 | D:2      | Reached XP level 4. HP: 32/32 MP: 6/8
  1438 | D:2      | Learned a level 1 spell: Animate Skeleton
  2459 | D:4      | Gained mutation: You sometimes gain a little power by taking damage. [demonic ancestry]
  2459 | D:4      | Reached XP level 5. HP: 36/39 MP: 9/9
  2514 | D:4      | Reached skill level 1 in Charms
  2610 | D:5      | Entered Level 5 of the Dungeon
  2635 | D:5      | Noticed a centaur
  2711 | D:4      | Killed a centaur
  2711 | D:4      | Reached skill level 6 in Necromancy
  2804 | D:4      | Gained mutation: You are mostly covered in icy blue scales (AC +3, EV -1). [demonic ancestry]
  2804 | D:4      | Reached XP level 6. HP: 47/47 MP: 7/10
  2881 | D:4      | Found Hanoyloo's Antique Weapon Boutique.
  3209 | D:5      | Noticed an ice beast
  3217 | D:5      | Killed an ice beast
  3420 | D:5      | Gained mutation: You sometimes gain power by taking damage. [demonic ancestry]
  3420 | D:5      | Reached XP level 7. HP: 40/55 MP: 9/11
  3811 | D:5      | Reached skill level 5 in Fighting
  4696 | D:6      | Found Viteif's Weapon Shoppe.
  4786 | D:6      | Gained mutation: You are powered by pain. [demonic ancestry]
  4786 | D:6      | Reached XP level 8. HP: 44/64 MP: 2/12
  4832 | D:6      | Found a staircase to the Ecumenical Temple.
  4864 | Temple   | Entered the Ecumenical Temple
  4992 | Temple   | Upgraded the game from 0.18-a0-1805-g8ab820f to 0.19-a0
  4995 | Temple   | Became a worshipper of Kikubaaqudgha
  5074 | D:6      | Noticed bollicks1999's ghost (novice OpAs)
  5124 | D:7      | Learned a level 4 spell: Control Undead
  5165 | D:7      | Reached skill level 5 in Dodging
  5234 | D:7      | Found an iron altar of Okawaru.
  5497 | D:7      | Reached skill level 7 in Necromancy
  5522 | D:7      | Found a shimmering altar of Xom.
  6357 | D:7      | Reached * piety under Kikubaaqudgha
  6357 | D:7      | Received a gift from Kikubaaqudgha
  6358 | D:7      | Identified Kikubaaqudgha's Incunabulum of Darkness (Kikubaaqudgha gifted it to you on level 7 of the Dungeon)
  6376 | D:7      | Reached skill level 8 in Necromancy
  6379 | D:7      | Reached XP level 9. HP: 13/69 MP: 0/16
  6486 | D:7      | Learned a level 2 spell: Sublimation of Blood
  6493 | D:7      | Reached skill level 5 in Spellcasting
  6574 | D:8      | Noticed Prince Ribbit
  6583 | D:8      | Killed Prince Ribbit
  6590 | D:8      | Identified a +0 rod of inaccuracy (14/14) (You found it on level 8 of the Dungeon)
  6616 | D:8      | Learned a level 4 spell: Animate Dead
  6695 | D:8      | Noticed Grum
  6709 | D:8      | Reached skill level 1 in Short Blades
  6709 | D:8      | Reached skill level 9 in Necromancy
  6711 | D:8      | Slain by a wolf

Vault maps used:
D:1:      dpeg_arrival_subterranean_lakeside_camping, st_stairs_8
D:2:      hangedman_glass_teeth, uniq_iyjb
D:3:      st_stairs_7
D:4:      serial_shops, shop
D:5:      first_bread, serial_co_window_serial, co_window_paths_a,
          co_window_paths_b, co_window_paths_b, co_window_of_opportunity_a,
          co_window_paths_b, co_window_paths_a, co_window_corner_a,
          co_window_2corner, co_window_of_opportunity_c, co_window_broadway_b,
          co_window_unsneaky_path_a, co_window_2corner, co_window_broadway_b,
          co_window_of_opportunity_c, glass_columns_c, glass_columns_a,
          glass_columns_a, glass_columns_a, glass_columns_c, feat_on_display
D:6:      minmay_temple_entry_statues_pillars, serial_shops,
          nicolae_shop_window_shopping
D:7:      grunt_temple_overflow_open, the_bakery
D:8:      uniq_grum, uniq_psyche, uniq_prince_ribbit1
Temple:   kilobyte_greek_temple_18

Skill      XL: |  1  2  3  4  5  6  7  8  9 |
---------------+----------------------------+-----
Fighting       | 1 2 3 4 5 6 |  6.2
Necromancy     | 5 6 8 9 |  9.0
Charms         | 1 2 |  2.1
Dodging        | 3 4 5 |  5.0
Spellcasting   | 4 5 |  5.5
Stealth        | 3 |  3.1
Short Blades   | 1 |  1.0

Action                   |  1- 3 |  4- 6 |  7- 9 || total
-------------------------+-------+-------+-------++-------
Melee: Short sword       |    69 |     7 |       ||    76
       Kick              |    12 |    25 |    66 ||   103
       Quarterstaff      |       |   134 |   230 ||   364
       Dagger            |       |       |    34 ||    34
Throw: Stone             |     4 |       |       ||     4
       Tomahawk          |       |    10 |    24 ||    34
 Cast: Pain              |    52 |    30 |    48 ||   130
       Animate Skeleton  |       |    16 |    22 ||    38
       Vampiric Draining |       |     6 |    24 ||    30
       Regeneration      |       |     3 |    11 ||    14
       Control Undead    |       |       |     3 ||     3
       Animate Dead      |       |       |     3 ||     3
Evoke: Rod               |       |       |     5 ||     5
       Wand              |       |       |     2 ||     2
  Use: Scroll            |       |     8 |     2 ||    10
       Potion            |       |       |     4 ||     4
 Stab: Sleeping          |       |     1 |       ||     1
       Distracted        |       |       |     2 ||     2
  Eat: Chunk             |     2 |    21 |    16 ||    39
Armor: Robe              |     7 |       |       ||     7
       Troll leather arm |    20 |    61 |   122 ||   203
Dodge: Dodged            |    64 |   103 |   240 ||   407
